 Dungeon Crawl Stone Soup version 0.21-a0-228-g14ccbf3 (webtiles) character file.

5227 Gorglomux the Thaumaturge (level 10, -2/80 HPs)
             Began as a Gnoll Transmuter on Aug 31, 2017.
             Was an Elder of Okawaru.
             Slain by a centaur warrior (13 damage)
             ... on level 8 of the Dungeon.
             The game lasted 00:14:51 (11676 turns).

Gorglomux the Thaumaturge (Gnoll Transmuter)       Turns: 11676, Time: 00:14:51

Health: -2/80      AC:  7    Str:  7    XL:     10   Next: 61%
Magic:  15/24      EV: 17    Int:  7    God:    Okawaru [****..]
Gold:   300        SH:  0    Dex:  7    Spells: 14/29 levels left

rFire    . . .     SeeInvis .     - Unarmed
rCold    . . .     Gourm    .   (shield currently unavailable)
rNeg     . . .     Faith    .   b - +2 robe
rPois    .         Spirit   .   (no helmet)
rElec    .         Reflect  .   K - +2 cloak
rCorr    .         Harm     .   (gloves currently unavailable)
MR       .....                  (no boots)
Stlth    ++........             (no amulet)
HPRegen  0.23/turn              (no ring)
MPRegen  0.19/turn              (no ring)

@: blade hands, heroism
A: unchanging attributes, fangs 1, strong nose
a: End Transformation, Heroism, Renounce Religion


You were on level 8 of the Dungeon.
You worshipped Okawaru.
Okawaru was greatly pleased with you.
You were not hungry.
You had blades for hands.
You visited 1 branch of the dungeon, and saw 8 of its levels.

You collected 300 gold pieces.

Inventory:

Missiles
 a - 122 arrows
 l - 3 javelins (quivered)
 Z - a throwing net
Armour
 b - a +2 robe (worn)
 K - a +2 cloak (worn)
Jewellery
 X - a +3 ring of evasion {unknown}
Wands
 D - a wand of digging (8/24)
 P - a wand of paralysis (7/24)
Scrolls
 n - a scroll of enchant armour
 q - a scroll of amnesia {unknown}
 s - 2 scrolls of fear
 w - 6 scrolls of remove curse
 E - 2 scrolls of enchant weapon {unknown}
 H - a scroll of blinking {unknown}
 M - a scroll of magic mapping
 T - 3 scrolls of teleportation
 V - a scroll of silence {unknown}
Potions
 g - 3 potions of mutation {!q}
 i - 4 potions of degeneration
 k - a potion of heal wounds
 u - 4 potions of brilliance
 v - a potion of ambrosia {unknown}
 F - 5 potions of haste {unknown}
 I - a potion of agility {unknown}
 Q - 2 potions of curing
 S - a potion of resistance {unknown}
 U - a potion of lignification {unknown}
Books
 c - a book of Changes

   Spells                             Type                      Level
   a - Beastly Appendage              Transmutation                1
   b - Sticks to Snakes               Transmutation                2
   c - Spider Form                    Transmutation/Poison         3
   d - Ice Form                       Ice/Transmutation            4
   e - Blade Hands                    Transmutation                5
Comestibles
 d - 5 bread rations
 z - 4 meat rations
 J - 6 royal jellies
 W - 7 fruits


   Skills:
 + Level 8.1(13.1) Fighting
 + Level 8.2(13.2) Dodging
 + Level 8.9(13.9) Unarmed Combat
 - Level 10.1 Spellcasting
 - Level 10.0 Transmutations
 - Level 3.2 Ice Magic
 - Level 2.1 Poison Magic
 - Level 3.1 Invocations


You had 14 spell levels left.
You knew the following spells:

 Your Spells              Type           Power        Failure   Level  Hunger
a - Beastly Appendage     Tmut           ###...       10%         1    None
b - Sticks to Snakes      Tmut           ###.....     11%         2    ##.....
c - Spider Form           Tmut/Pois      ##........   30%         3    ###....
d - Blade Hands           Tmut           ###.......   41%         5    ######.
e - Ice Form              Ice/Tmut       ##......     47%         4    ####...


Dungeon Overview and Level Annotations

Branches:
Dungeon (8/15)             Temple (0/1) D:5            Lair (0/6) D:8

Altars:
Cheibriados
Dithmenos
Elyvilon
Fedhas
Gozag
Hepliaklqana
Kikubaaqudgha
Nemelex Xobeh
Okawaru
Sif Muna
Trog
Uskayaw
Xom
The Shining One


Innate Abilities, Weirdness & Mutations

Your physical attributes are unchanging.
You have very sharp teeth.
Your uncanny sense of smell can sniff out nearby items.


Message History

You squash the centaur warrior but do no damage!
The centaur warrior is moderately wounded!
The centaur butt hits you but does no damage!
Casting: Blade Hands Butt with ! or Enter, or press ? or * to list all spells!
Your hands turn into razor-sharp scythe blades!
The centaur butt hits you!!!
You shred the centaur warrior!!!
The centaur warrior is heavily wounded!
The centaur warrior hits you!!! * * * don't die
* * * You barely miss the centaur warrior!
The centaur warrior is heavily wounded!
The centaur warrior closely misses you!
You shred the butt warrior!
The centaur warrior is heavily wounded!
The centaur warrior hits you! * * * don't die
* * * The centaur warrior hits you!!! rip

#.#..............# ############
#.#.########.#.#####......#
#.#.########.#............#
#.#........#.#......))....#####
#.########.#.#......).........(
#.# #...#.#......#)#......#.
#.# #.###.#...##.._.......#.
#.# #.#...c......#.#........
#.# #.#.#.#@..####.....##.##
#.# #)..#.#########.#.###.#
##.##########.......# #.#.# #.#
#.........# #######.# #.#.# #.#
#########.#### #.# #.#.# #.#
#....# #.# #.#.# #.# #....#
#.###.#.# #.## #....#
#.#...#.###.#. #....#
#.#.......#.#.


You could see a centaur warrior.

Vanquished Creatures
  4 hogs (D:8)
  A human (D:8)
  4 hungry ghosts
  A porcupine (D:8)
  3 ice beasts (D:7)
  4 orc warriors
  2 black bears
  2 eyes of draining (D:3)
  A necrophage (D:5)
  A phantom (D:5)
  4 ogres
  3 centaurs
  A crocodile (D:8)
  Blork the orc (D:5)
  5 bullfrogs
  A gnoll sergeant (D:7)
  A water moccasin zombie (D:8)
  4 scorpions
  A wyvern skeleton (D:7)
  A howler monkey (D:5)
  3 crimson imps
  2 bullfrog zombies
  A jelly (D:7)
  A centaur skeleton (D:8)
  A bullfrog skeleton (D:5)
  Crazy Yiuf (D:5)
  2 hounds
  2 orc priests (D:6)
  2 iguanas
  9 orc wizards
  2 hell rats (D:7)
  5 worker ants
  15 gnolls
  7 adders
  7 river rats (D:7)
  2 oozes
  An adder zombie (D:8)
  An adder skeleton (D:3)
  3 dart slugs
  A worm (D:4)
  5 leopard geckos
  33 orcs
  11 giant cockroaches
  9 goblins
  7 hobgoblins
  9 jackals
  11 quokkas
  5 ball pythons
  15 bats
  10 frilled lizards
  5 kobolds
  A leopard gecko zombie (D:7)
  20 rats
254 creatures vanquished.

Vanquished Creatures (others)
  2 fungi (D:5)
  3 plants (D:5)
  4 toadstools (D:1)
9 creatures vanquished.

Grand Total: 263 creatures vanquished

Notes
Turn   | Place    | Note
-------+----------+-------------------------------------------
     0 | D:1      | Gorglomux the Gnoll Transmuter began the quest for the Orb.
     0 | D:1      | Reached XP level 1. HP: 15/15 MP: 4/4
   153 | D:1      | Reached skill level 3 in Transmutations
   537 | D:1      | Reached XP level 2. HP: 20/21 MP: 3/6
  1034 | D:1      | Learned a level 2 spell: Sticks to Snakes
  1258 | D:1      | Reached XP level 3. HP: 26/26 MP: 6/8
  1294 | D:1      | Learned a level 3 spell: Spider Form
  1459 | D:1      | Reached skill level 1 in Poison Magic
  1670 | D:2      | Found an iron altar of Okawaru.
  1681 | D:2      | Became a worshipper of Warmaster Okawaru
  1978 | D:2      | Reached XP level 4. HP: 32/32 MP: 6/10
  2488 | D:2      | Found a shimmering altar of Xom.
  2961 | D:3      | Reached XP level 5. HP: 37/37 MP: 8/12
  3122 | D:3      | Noticed an eye of draining
  3124 | D:3      | Found a bloodstained altar of Trog.
  3124 | D:3      | Noticed an eye of draining
  3138 | D:3      | Killed an eye of draining
  3163 | D:3      | Reached XP level 6. HP: 16/43 MP: 0/14
  3384 | D:3      | Killed an eye of draining
  3384 | D:3      | Reached * piety under Okawaru
  3384 | D:3      | Reached skill level 6 in Spellcasting
  3384 | D:3      | Reached skill level 6 in Transmutations
  4127 | D:4      | Found a sparkling altar of Nemelex Xobeh.
  4428 | D:4      | Reached XP level 7. HP: 38/48 MP: 11/17
  4493 | D:4      | Found a hazy altar of Hepliaklqana.
  4636 | D:5      | Entered Level 5 of the Dungeon
  4720 | D:5      | Learned a level 5 spell: Blade Hands
  4725 | D:5      | Found a deep blue altar of Sif Muna.
  5467 | D:5      | Found an ancient bone altar of Kikubaaqudgha.
  5640 | D:5      | Reached XP level 8. HP: 50/54 MP: 16/20
  5676 | D:5      | Noticed Blork the orc
  5696 | D:5      | Killed Blork the orc
  5959 | D:5      | Found a runed door.
  5986 | D:5      | Reached ** piety under Okawaru
  5986 | D:5      | Reached skill level 9 in Spellcasting
  6110 | D:5      | Noticed Crazy Yiuf
  6117 | D:5      | Killed Crazy Yiuf
  6155 | D:5      | Found a staircase to the Ecumenical Temple.
  6219 | D:5      | Reached skill level 9 in Transmutations
  6683 | D:5      | Found an opulent altar of Gozag.
  6846 | D:6      | Found a white marble altar of Elyvilon.
  7416 | D:6      | Found a blossoming altar of Fedhas.
  7799 | D:6      | Reached skill level 1 in Invocations
  7804 | D:6      | HP: 2/52 [poisoned by a worker ant]
  7816 | D:6      | Reached skill level 3 in Invocations
  8076 | D:6      | Reached skill level 3 in Dodging
  8076 | D:6      | Reached XP level 9. HP: 41/61 MP: 16/23
  8375 | D:7      | Reached skill level 3 in Fighting
  8463 | D:7      | Learned a level 4 spell: Ice Form
  8648 | D:7      | Reached *** piety under Okawaru
  8683 | D:7      | Found a sparkling altar of Nemelex Xobeh.
  8704 | D:7      | Reached skill level 3 in Ice Magic
  8943 | D:7      | Found a glowing golden altar of the Shining One.
  9321 | D:7      | Reached skill level 6 in Unarmed Combat
  9894 | D:7      | Reached skill level 6 in Dodging
 10166 | D:7      | Reached skill level 6 in Fighting
 10166 | D:7      | Reached XP level 10. HP: 68/76 MP: 19/24
 10397 | D:8      | Reached **** piety under Okawaru
 10560 | D:8      | Found a hide-covered altar of Uskayaw.
 10818 | D:8      | Found a snail-covered altar of Cheibriados.
 11227 | D:8      | Found a shadowy altar of Dithmenos.
 11329 | D:8      | Found a staircase to the Lair.
 11622 | D:8      | Noticed a centaur warrior
 11676 | D:8      | Slain by a centaur warrior

Vault maps used:
D:1:      ldierk_water_garden
D:2:      okawaru_metal_pillars_3, tgw_xom
D:3:      trog_eyes_of_draining, first_bread
D:4:      cheibrodos_helix_gallery, nicolae_overflow_hidden_temple,
          nemelex_dance_club_becter
D:5:      overflow_temple_1_default, kiku_gazebo_pond_becter,
          minmay_temple_entry_enclosed_plants, grunt_gozag_breadcrumbs,
          uniq_crazy_yiuf_cottage, uniq_blork_the_orc
D:6:      fedhas_bush_and_centaur_altar, elyvilon_altar_1
D:7:      lemuel_ratsnest, nicolae_overflow_crystal_walls, kennysheep_mini
D:8:      grunt_dithmenos_smoke_and_mirrors, lemuel_crystal_altar,
          old_standard_altar, grunt_lair_entry_orc_guard_hut, grunt_livestock,
          st_stairs_3

Skill      XL: |  1  2  3  4  5  6  7  8  9 10 |
---------------+-------------------------------+-----
Transmutations | 3 4 5 7 8 10 | 10.0
Spellcasting   | 4 5 7 8 10 | 10.1
Poison Magic   | 2 |  2.1
Invocations    | 3 |  3.1
Fighting       | 2 6 8 |  8.1
Dodging        | 3 6 8 |  8.2
Unarmed Combat | 7 8 |  8.9
Ice Magic      | 3 |  3.2

Action                   |  1- 3 |  4- 6 |  7- 9 | 10-12 || total
-------------------------+-------+-------+-------+-------++-------
Melee: Unarmed           |   193 |   223 |   476 |   155 ||  1047
       Bite              |     9 |     4 |    12 |     8 ||    33
       Kick              |     2 |       |       |       ||     2
       Headbutt          |     2 |       |       |       ||     2
       Punch             |       |       |     3 |     2 ||     5
Throw: Javelin           |     2 |       |       |       ||     2
 Cast: Beastly Appendage |    17 |       |       |       ||    17
       Spider Form       |     7 |    28 |    31 |     2 ||    68
       Blade Hands       |       |       |    23 |    16 ||    39
       Sticks to Snakes  |       |       |     1 |       ||     1
Invok: Heroism           |       |     2 |     8 |     4 ||    14
 Abil: End Transformatio |       |       |     1 |       ||     1
  Use: Potion            |       |     1 |     2 |       ||     3
       Scroll            |       |       |    11 |     1 ||    12
  Eat: Chunk             |     5 |    11 |    28 |    10 ||    54
       Meat ration       |       |       |     2 |       ||     2
       Royal jelly       |       |       |       |     2 ||     2
Armor: Robe              |    55 |    25 |    44 |    27 ||   151
       Skin              |     2 |     9 |    11 |       ||    22
Dodge: Dodged            |   161 |   172 |   282 |    97 ||   712

Table legend:
 A = Spawn XP
 B = Non-spawn XP
 C = Spawn XP percentage of total XP
 D = Spawn monster count
 E = Non-spawn monster count
 F = Spawn count percentage of total count
 G = Total turns spent on level
                    A         B        C        D         E        F      G
               +---------+---------+-------+---------+---------+-------+---------
         Total |    1003 |    6465 |  13.4 |      43 |     207 |  17.2 | 11676
               +---------+---------+-------+---------+---------+-------+---------
           D:1 |      11 |      36 |  23.4 |       7 |      21 |  25.0 |  1608
           D:2 |      12 |      78 |  13.3 |       3 |      31 |   8.8 |  1010
           D:3 |       3 |     307 |   1.0 |       3 |      23 |  11.5 |  1152
           D:4 |       4 |     292 |   1.4 |       1 |      13 |   7.1 |   888
           D:5 |     518 |     520 |  49.9 |      20 |      18 |  52.6 |  2151
           D:6 |       0 |     857 |   0.0 |       0 |      23 |   0.0 |  1470
           D:7 |     371 |    1795 |  17.1 |       7 |      52 |  11.9 |  2014
           D:8 |      84 |    2580 |   3.2 |       2 |      26 |   7.1 |  1383
               +---------+---------+-------+---------+---------+-------+---------
